 Dungeon Crawl Stone Soup version 0.22-a0-355-g201945f (webtiles) character file.

4207 b5mith the Spear-Bearer (level 10, 0/96 HPs)
             Began as a Minotaur Berserker on Apr 17, 2018.
             Was an Elder of Trog.
             Succumbed to a gnoll sergeant's poison
             ... on level 7 of the Dungeon.
             The game lasted 00:23:15 (6372 turns).

b5mith the Spear-Bearer (Minotaur Berserker)        Turns: 6372, Time: 00:23:15

Health: 0/96       AC:  9    Str: 29    XL:     10   Next: 8%
Magic:  9/9        EV: 16    Int:  9    God:    Trog [****..]
Gold:   446        SH:  0    Dex: 16    Spells: 9/9 levels left

rFire    . . .     SeeInvis .   v - +2 scythe (venom)
rCold    + . .     Gourm    .   (shield currently unavailable)
rNeg     . . .     Faith    .   u - +1 scale mail {rC+}
rPois    .         Spirit   .   (helmet restricted)
rElec    .         Reflect  .   B - +0 cloak
rCorr    .         Harm     .   (no gloves)
MR       +....                  q - +0 pair of boots
Stlth    +.........             (no amulet)
HPRegen  0.26/turn              y - ring of protection from magic
MPRegen  0.11/turn              (no ring)

@: mighty, brilliant, agile, lethally poisoned (0 -> -20), berserk cooldown,
slowed, very slow
A: retaliatory headbutt, horns 2
a: Berserk, Trog's Hand, Brothers in Arms, Renounce Religion


You were on level 7 of the Dungeon.
You worshipped Trog.
Trog was greatly pleased with you.
You were hungry.

You visited 1 branch of the dungeon, and saw 7 of its levels.

You collected 446 gold pieces.

Inventory:

Hand Weapons
 a - a +0 falchion
 m - a +0 hunting sling
   (You found it on level 2 of the Dungeon)
 v - a +2 scythe of venom (weapon)
   (You took it off Sigmund on level 3 of the Dungeon)
Missiles
 j - 8 steel tomahawks (quivered)
 z - 5 exploding tomahawks
 A - 5 tomahawks
Armour
 b - a +0 animal skin
 d - a +0 ring mail
   (You found it on level 1 of the Dungeon)
 k - a +0 shield
   (You found it on level 2 of the Dungeon)
 q - a +0 pair of boots (worn)
   (You found it on level 2 of the Dungeon)
 u - a +1 scale mail of cold resistance (worn)
   (You found it on level 3 of the Dungeon)
 B - a +0 cloak (worn)
   (You found it on level 6 of the Dungeon)
Jewellery
 y - a ring of protection from magic (left hand)
   (You took it off a hobgoblin on level 3 of the Dungeon)
Wands
 t - a wand of flame (29)
   (You found it on level 3 of the Dungeon)
Scrolls
 e - 2 scrolls of enchant armour {unknown}
 f - 3 scrolls of teleportation
 h - 6 scrolls of remove curse {@r2}
 n - 2 scrolls of amnesia {unknown}
 o - 2 scrolls of identify {@r1}
 s - a scroll of fear {unknown}
 w - a scroll of noise {unknown}
 E - 2 scrolls of blinking
 F - a scroll of immolation {unknown}
Potions
 g - a potion of haste {unknown}
 l - 2 potions of might
 p - a potion of curing {unknown}
 r - a potion of cancellation {unknown}
 x - a potion of magic {unknown}
 C - a potion of agility
 G - a potion of degeneration {unknown}
Comestibles
 c - 14 rations
 D - a chunk of flesh


   Skills:
 + Level 11.6 Fighting
 - Level 5.3 Long Blades
 + Level 11.9 Polearms
 - Level 2.4 Armour
 - Level 2.1 Dodging
 - Level 1.0 Stealth
 - Level 3.1 Shields


You had 9 spell levels left.
You didn't know any spells.

Dungeon Overview and Level Annotations

Branches:
Dungeon (7/15)             Temple (0/1) D:4

Altars:
The Shining One

Shops:
D:4 }


Innate Abilities, Weirdness & Mutations

You reflexively headbutt those who attack you in melee.
You have a pair of horns on your head.


Message History

Press: ? - help, Dir - move target cursor, f/p - gnoll sergeant
Aim: a gnoll sergeant, wielding a spear of venom, wearing a scale mail and wearing a shield You reach to attack!
You slice the gnoll sergeant!!
You kill the gnoll sergeant!
Trog accepts your kill.
You feel very sick.
Attack whom?
Press: ? - help, Dir - move target cursor, f - gnoll
Aim: a gnoll, wielding a club You reach to attack!
You slash the gnoll!
You kill the gnoll!
Trog accepts your kill.
You feel very sick.
Attack whom?
Press: ? - help, Dir - move target cursor, f - gnoll
Aim: a gnoll You reach to attack!
You slice the gnoll!!
You kill the gnoll!
Trog accepts your kill.
You feel very sick.
You feel a strong urge to attack something.
You feel sick.
You are no longer berserk.
You are exhausted.
You feel yourself slow down.
* * * LOW HITPOINT WARNING * * *
You feel very sick.
You slice the gnoll!!
You kill the gnoll!
Trog accepts your kill.
* * * LOW HITPOINT WARNING * * *
You feel extremely sick.
You barely miss the gnoll. Your headbutt misses the gnoll.
* * * LOW HITPOINT WARNING * * *
You feel very sick. The gnoll barely misses you. The gnoll hits you!
* * * LOW HITPOINT WARNING * * *
It was a potion of agility.
You feel agile all of a sudden.
* * * LOW HITPOINT WARNING * * *
You feel very sick. The gnoll closely misses you. The gnoll misses you.
It was a potion of might.
You feel very mighty all of a sudden.
* * * LOW HITPOINT WARNING * * *
You feel very sick. The gnoll barely misses you.
It was a potion of brilliance.
You feel clever all of a sudden.
You die...

#.......#####
#.........##.
#....###((...
#...###.)#.##.
...###.##.#.###
.###.#....#..##
###...#..###....
###...#......#..##
##@.##...#..###..#
###g.##+##.#....#.##
#.)### ###.##.#.#
#..### ###..#.#
#..###D# ####.# #..#
#..Y# #.### .. ....#
#.... #...# #..##
###[# #..#


You could see a gnoll.

Vanquished Creatures
  The ghost of NervFog the Conjurer, a novice TeAE of Ru (D:4)
  Sigmund (D:3)
  Eustachio (D:4)
  A hungry ghost (D:7)
  Menkaure (D:4)
  3 ice beasts
  2 orc warriors
  2 sky beasts (D:6)
  5 ogres
  A phantom (D:6)
  2 centaurs (D:7)
  Blork the orc (D:4)
  4 bullfrogs
  2 gnoll sergeants
  A scorpion (D:5)
  A water moccasin skeleton (D:5)
  10 wights
  3 crimson imps (D:5)
  2 bullfrog zombies
  2 hounds (D:5)
  A bullfrog skeleton (D:4)
  A gnoll shaman (D:6)
  An orc priest (D:5)
  An orc wizard (D:6)
  An iguana (D:7)
  2 centaur skeletons
  8 worker ants
  A killer bee zombie (D:7)
  A hound skeleton (D:7)
  A worker ant zombie (D:7)
  10 gnolls
  9 adders
  A shadow imp (D:5)
  An ooze (D:4)
  An adder zombie (D:6)
  A worm (D:5)
  4 dart slugs
  4 leopard geckos
  12 orcs
  3 ball pythons
  4 bats
  7 giant cockroaches
  4 goblins (D:1)
  6 hobgoblins
  8 jackals
  2 quokkas
  A frilled lizard (D:1)
  2 jackal skeletons (D:5)
  2 kobolds
  A quokka skeleton (D:5)
  8 rats
155 creatures vanquished.

Notes
Turn   | Place    | Note
-------+----------+-------------------------------------------
     0 | D:1      | b5mith the Minotaur Berserker began the quest for the Orb.
     0 | D:1      | Reached XP level 1. HP: 19/19 MP: 0/0
   182 | D:1      | Reached XP level 2. HP: 27/27 MP: 1/1
   772 | D:2      | Reached skill level 1 in Stealth
   886 | D:2      | Reached XP level 3. HP: 30/33 MP: 2/2
   889 | D:2      | Reached skill level 1 in Shields
  1514 | D:3      | Reached ** piety under Trog
  1643 | D:3      | Noticed Sigmund
  1667 | D:3      | Killed Sigmund
  1667 | D:3      | Reached skill level 5 in Fighting
  1667 | D:3      | Reached skill level 5 in Long Blades
  1667 | D:3      | Reached XP level 4. HP: 23/42 MP: 3/3
  1667 | D:3      | Reached XP level 5. HP: 27/48 MP: 4/4
  2402 | D:4      | Reached skill level 1 in Polearms
  2413 | D:4      | Noticed Eustachio
  2547 | D:4      | Reached XP level 6. HP: 56/56 MP: 5/5
  2554 | D:4      | Killed Eustachio
  2568 | D:4      | Noticed Menkaure
  2577 | D:4      | Killed Menkaure
  2577 | D:4      | Reached XP level 7. HP: 61/63 MP: 6/6
  2620 | D:4      | Found Xoezuyfe's Gadget Shop.
  2676 | D:4      | Noticed Blork the orc
  2689 | D:4      | Killed Blork the orc
  2689 | D:4      | Reached skill level 5 in Polearms
  2747 | D:4      | Found a glowing golden altar of the Shining One.
  2842 | D:4      | Found a staircase to the Ecumenical Temple.
  2857 | D:4      | You fall through a shaft for 3 floors!
  3257 | D:6      | Reached XP level 8. HP: 58/73 MP: 7/7
  3309 | D:6      | Reached *** piety under Trog
  3872 | D:5      | Entered Level 5 of the Dungeon
  4328 | D:5      | Reached XP level 9. HP: 83/83 MP: 8/8
  4364 | D:5      | Reached **** piety under Trog
  4382 | D:5      | Reached skill level 10 in Polearms
  4500 | D:5      | Got a blackened great sword {flame}
  4631 | D:5      | Identified the +3 great sword of the Spectre {flame, Fragile rF++} (You took it off an orc on level 5 of the Dungeon)
  5080 | D:4      | Noticed NervFog's ghost (novice TeAE)
  5087 | D:4      | Killed NervFog's ghost
  5087 | D:4      | Reached skill level 10 in Fighting
  6099 | D:7      | Reached XP level 10. HP: 96/96 MP: 9/9
  6371 | D:7      | HP: 3/96 [poisoned by a gnoll sergeant]
  6372 | D:7      | Succumbed to a gnoll sergeant's poison

Vault maps used:
D:1:      tarquinn_simple_flora_water_d
D:3:      uniq_sigmund
D:4:      minmay_temple_entry_mist, serial_shops,
          nicolae_shop_competitors_out_of_business, nicolae_zen_rock_garden,
          minmay_item_behind_shaft, nicolae_tso_swordbearing_angel,
          uniq_eustachio, uniq_blork_the_orc, uniq_menkaure
D:5:      kennysheep_windowed_halls, first_ration
D:7:      minmay_the_grid_triangle_9x9_recursive_2, minmay_misc_feat_hallway,
          hex_medium, lemuel_mausoleum_altar_kikubaaqudgha

Skill      XL: |  1  2  3  4  5  6  7  8  9 |
---------------+----------------------------+-----
Fighting       | 4 5 6 7 9 11 | 11.6
Long Blades    | 4 5 |  5.3
Stealth        | 1 |  1.0
Shields        | 3 |  3.1
Polearms       | 2 4 7 9 11 | 11.9
Armour         | |  2.4
Dodging        | |  2.1

Action                   |  1- 3 |  4- 6 |  7- 9 | 10-12 || total
-------------------------+-------+-------+-------+-------++-------
Melee: Falchion          |    56 |       |       |       ||    56
       Headbutt          |    14 |     3 |    33 |     1 ||    51
       Scythe            |       |    36 |   242 |    32 ||   310
Invok: Berserk           |     1 |       |     6 |     1 ||     8
Evoke: Wand              |     1 |       |       |       ||     1
  Use: Scroll            |       |       |     5 |       ||     5
       Potion            |       |       |       |     3 ||     3
  Eat: Chunk             |     2 |     4 |    16 |     2 ||    24
       Ration            |       |       |       |     1 ||     1
Armor: Animal skin       |     5 |       |       |       ||     5
       Ring mail         |     5 |       |       |       ||     5
       Scale mail        |     1 |    32 |   121 |    17 ||   171
Dodge: Dodged            |    29 |    36 |   138 |    14 ||   217
Block: Shield            |     9 |       |       |       ||     9
       Rpst.: Falchion   |     7 |       |       |       ||     7

Table legend:
 A = Spawn XP
 B = Non-spawn XP
 C = Spawn XP percentage of total XP
 D = Spawn monster count
 E = Non-spawn monster count
 F = Spawn count percentage of total count
 G = Total turns spent on level
                    A         B        C        D         E        F      G
               +---------+---------+-------+---------+---------+-------+---------
         Total |       0 |    6010 |   0.0 |       0 |     155 |   0.0 |  6372
               +---------+---------+-------+---------+---------+-------+---------
           D:1 |       0 |      21 |   0.0 |       0 |      13 |   0.0 |   563
           D:2 |       0 |      48 |   0.0 |       0 |      14 |   0.0 |   918
           D:3 |       0 |     254 |   0.0 |       0 |      16 |   0.0 |  1023
           D:4 |       0 |     911 |   0.0 |       0 |      13 |   0.0 |   592
           D:5 |       0 |    1216 |   0.0 |       0 |      37 |   0.0 |  1209
           D:6 |       0 |    1425 |   0.0 |       0 |      34 |   0.0 |  1018
           D:7 |       0 |    2135 |   0.0 |       0 |      28 |   0.0 |  1049
               +---------+---------+-------+---------+---------+-------+---------
